 Dungeon Crawl Stone Soup version 0.28-a0-998-gb9e9c7b67e (webtiles) character file.

Game seed: 11775511538897525414

1292 horus123 the Protected (level 8, -6/64 HPs)
             Began as a Hill Orc Fighter on Dec 6, 2021.
             Was a Priest of Beogh.
             Mangled by a hornet zombie (8 damage)
             ... in an ossuary.
             The game lasted 00:10:33 (4855 turns).

horus123 the Protected (Hill Orc Fighter)           Turns: 4855, Time: 00:10:36

Health: -6/64      AC: 11    Str: 21    XL:     8   Next: 56%
Magic:  10/13      EV:  9    Int:  8    God:    Beogh [***...]
Gold:   190        SH:  4    Dex: 10    Spells: 7/7 levels left

rFire   . . .      SeeInvis +   f - +3 war axe (venom)
rCold   + . .      Faith    .   c - +0 buckler
rNeg    . . .      Spirit   .   b - +0 scale mail
rPois   .          Reflect  .   d - +1 helmet
rElec   .          Harm     .   (no cloak)
rCorr   .          Rampage  .   x - +0 pair of gloves
Will    .....                   (no boots)
Stlth   ..........              (no amulet)
HPRegen 0.20/turn               m - ring of see invisible
MPRegen 0.13/turn               u - ring of protection from cold

@: mighty
A: no striking features
a: Renounce Religion, Smiting


You were in an ossuary.
You worshipped Beogh.
Beogh was most pleased with you.
You visited 1 branch of the dungeon, and saw 5 of its levels.
You also visited: Sewer and Ossuary.

You collected 190 gold pieces.

Inventory:

Hand Weapons
 a - a +0 war axe
 f - a +3 war axe of venom (weapon)
Missiles
 r - a throwing net (quivered)
Armour
 b - a +0 scale mail (worn)
 c - a +0 buckler (worn)
 d - a +1 helmet (worn)
 x - a +0 pair of gloves (worn)
Jewellery
 j - a ring of ice
 m - a ring of see invisible (left hand)
 u - a ring of protection from cold (right hand)
Wands
 o - a wand of flame (15)
Scrolls
 h - 2 scrolls of fear
 w - a scroll of fog
 z - a scroll of silence
Potions
 e - a potion of lignification
 g - 3 potions of curing {unknown}
 i - a potion of attraction {unknown}
 k - a potion of mutation
 l - a potion of flight {unknown}
 n - 5 potions of haste
 p - 2 potions of resistance
 q - a potion of cancellation {unknown}
 s - a potion of might
 t - 2 potions of magic {unknown}
 v - a potion of invisibility {unknown}


   Skills:
 - Level 3.6 Fighting
 - Level 7.0 Axes
 - Level 8.2 Armour
 - Level 3.2 Shields
 + Level 7.0 Invocations


You had 7 spell levels left.
You didn't know any spells.
Your spell library was empty.

Dungeon Overview and Level Annotations

Branches:
Dungeon (5/15)             Temple (0/1) D:4           Sewer (visited)
Ossuary (1/1)

Altars:

Shops:
D:1 (   D:4 (


Message History

Unknown command.
You feel very mighty all of a sudden.
The centaur zombie hits you but does no damage.
The centaur zombie kicks you but does no damage.
The hornet zombie hits you!
* * * LOW HITPOINT WARNING * * *
You block the centaur zombie's attack. The centaur zombie barely misses you.
You hit the hornet zombie.
The hornet zombie is heavily damaged.
You completely miss the centaur zombie.
The hornet zombie hits you but does no damage.
The centaur zombie barely misses you. You block the centaur zombie's attack.
You barely miss the hornet zombie.
The hornet zombie is heavily damaged.
You hit the centaur zombie.
You destroy the centaur zombie!
Beogh accepts your kill. The hornet zombie hits you.
* * * LOW HITPOINT WARNING * * *
The hornet zombie barely misses you.
Your Invocations skill increases to level 7!
You hit the hornet zombie.
The hornet zombie is heavily damaged.
The hornet zombie closely misses you.
You closely miss the hornet zombie.
The hornet zombie is heavily damaged.
The hornet zombie completely misses you.
The hornet zombie hits you.
* * * LOW HITPOINT WARNING * * *
You barely miss the hornet zombie.
The hornet zombie is heavily damaged.
The hornet zombie hits you but does no damage.
Aiming: Smiting
Press: ? - help, Dir - move target, f - hornet zombie Smite: a hornet zombie (heavily damaged)
You smite the hornet zombie!!
The hornet zombie is almost destroyed.
The hornet zombie hits you but does no damage.
The hornet zombie hits you!
You die...

##### #≈ ≈# #≈≈
≈##≈##≈ #≈###≈≈≈#≈#
# ####≈#≈##≈≈#≈#≈#
#.#.≈.≈.≈.#P≈P#
###'#.≈.≈≈≈≈≈≈#≈###
#.'...≈Z≈...≈≈.M'.≈
###Z##≈##≈##≈##≈#≈#
+@#...#.#...#
#.#...###.∩.#
+.#...# #∩..#
#.##### ##### +..
#.# '.# #.# '.#


You could see a hornet zombie.

Vanquished Creatures
  2 black bears
  2 kobold brigands (Sewer)
  A water moccasin zombie (D:5)
  A water moccasin skeleton (D:5)
  5 centaur zombies (Ossuary)
  A hound (D:5)
  3 bullfrog zombies (Ossuary)
  An orc priest (D:5)
  A centaur skeleton (D:5)
  2 killer bee zombies (Ossuary)
  9 mummies (Ossuary)
  A hound skeleton (D:4)
  2 howler monkey zombies (Ossuary)
  7 adders
  6 river rats (Sewer)
  An adder skeleton (D:4)
  A worm (D:4)
  3 dart slugs
  13 orcs
  5 bats
  13 endoplasms
  7 giant cockroaches
  6 hobgoblins
  7 jackals (D:1)
  4 quokkas (D:2)
  3 training dummies (D:4)
  10 ball pythons
  6 frilled lizards
  8 goblins
  28 kobolds
  22 rats
181 creatures vanquished.

Vanquished Creatures (others)
  An orc priest (D:3)
  2 orcs (D:3)
  A ball python (D:3)
  4 plants (D:2)
  2 withered plants (Ossuary)
10 creatures vanquished.

Grand Total: 191 creatures vanquished

Notes
Turn   | Place    | Note
-------+----------+-------------------------------------------
     0 | D:1      | horus123 the Hill Orc Fighter began the quest for the Orb.
     0 | D:1      | Reached XP level 1. HP: 19/19 MP: 1/1
     8 | D:1      | Found a faded altar of an unknown god.
    83 | D:1      | Found Reurie's Antique Weapon Shoppe.
   135 | D:1      | Reached XP level 2. HP: 26/26 MP: 2/2
   385 | D:1      | Reached XP level 3. HP: 31/31 MP: 3/3
   660 | D:1      | Reached skill level 5 in Axes
   836 | D:2      | Noticed a black bear
   845 | D:2      | Killed a black bear
   846 | D:2      | Reached XP level 4. HP: 38/39 MP: 4/4
   846 | D:2      | Reached XP level 5. HP: 44/45 MP: 5/5
  1797 | D:3      | Reached skill level 4 in Armour
  1887 | D:3      | Became a worshipper of Beogh the Brigand
  2918 | D:4      | Found a staircase to the Ecumenical Temple.
  2978 | D:4      | Reached XP level 6. HP: 51/51 MP: 6/6
  3066 | D:4      | Found a glowing drain.
  3109 | D:4      | Reached * piety under Beogh
  3110 | D:4      | Reached skill level 5 in Armour
  3118 | Sewer    | Entered a sewer
  3341 | Sewer    | Reached ** piety under Beogh
  3496 | Sewer    | Reached skill level 6 in Armour
  3496 | Sewer    | Reached XP level 7. HP: 39/57 MP: 7/7
  4170 | D:4      | Found Nopn's Firing Range.
  4323 | D:5      | Entered Level 5 of the Dungeon
  4361 | D:5      | Reached skill level 7 in Armour
  4418 | D:5      | Reached skill level 8 in Armour
  4606 | D:5      | Reached skill level 1 in Invocations
  4610 | D:5      | Found a sand-covered staircase.
  4615 | Ossuary  | Entered an ossuary
  4626 | Ossuary  | Reached XP level 8. HP: 62/64 MP: 9/9
  4664 | Ossuary  | Reached *** piety under Beogh
  4696 | Ossuary  | Reached skill level 5 in Invocations
  4853 | Ossuary  | HP: 1/64 [hornet zombie (5)]
  4855 | Ossuary  | Mangled by a hornet zombie

Illustrated notes

Levels and vault maps discovered:
D:1:      amcnicky_arrival_single_pillar, layout_loops_ring,
          basic_ecumenical_altar, serial_shops, shop
D:2:      layout_loops_ring, lexackson_kobold_supper
D:3:      layout_loops_ring
D:4:      layout_basic, minmay_temple_entry_arrows, gup_sewer_entry_glass,
          nicolae_shop_firing_range
D:5:      layout_basic, enter_ossuary_5
Ossuary:  ossuary_zaba_flooded

Skill      XL: |  1  2  3  4  5  6  7  8 |
---------------+-------------------------+-----
Axes           | 3 4 6 7 |  7.0
Armour         | 4 6 8 |  8.2
Invocations    | 2 7 |  7.0
Fighting       | |  3.6
Shields        | |  3.2

Action                   |  1- 3 |  4- 6 |  7- 9 || total
-------------------------+-------+-------+-------++-------
Melee: War axe           |    65 |   205 |   155 ||   425
Invok: Convert to Beogh  |       |     1 |       ||     1
       Smiting           |       |       |     1 ||     1
  Use: Scroll            |     3 |     4 |     5 ||    12
       Potion            |     1 |       |     1 ||     2
Armor: Scale mail        |    32 |    98 |   120 ||   250
Dodge: Dodged            |    33 |   102 |    82 ||   217
Block: Buckler           |    17 |    51 |    35 ||   103

Table legend: (Time is in decaauts)
 A = Elapsed time spent in this place.
 B = Non-inter-level travel time spent in this place.
 C = Inter-level travel time spent in this place.
 D = Time resting spent in this place.
 E = Time spent auto-exploring this place.
 F = Levels seen in this place.
 G = Mean time per level.
                   A        B        C        D        E       F      G
               +--------+--------+--------+--------+--------+-----+--------+
         Total |   4962 |   4822 |    140 |    170 |   3286 |   7 |  708.9 |
       Dungeon |   3861 |   3721 |    140 |    161 |   2600 |   5 |  772.2 |
         Sewer |    832 |    832 |      0 |      0 |    585 |   1 |  832.0 |
       Ossuary |    269 |    269 |      0 |      9 |    100 |   1 |  269.0 |
               +--------+--------+--------+--------+--------+-----+--------+

Top non-repeatable levels by time:
     D:3: 1010 daAuts
     D:2: 930 daAuts
     D:1: 854 daAuts
   Sewer: 832 daAuts
     D:4: 768 daAuts
     D:5: 297 daAuts
 Ossuary: 269 daAuts
